 Dungeon Crawl Stone Soup version 0.31-a0-278-g485e682e34 (webtiles) character file.

Game seed: 2256693879162112711

433 AdnanSaban the Cudgeller (level 7, 0/44 HPs)
             Began as a Gargoyle Fighter on July 16, 2023.
             Slain by Edmund
             ... wielding a +2 flail of holy wrath
              (6 damage)
             ... on level 4 of the Dungeon.
             The game lasted 00:03:26 (2409 turns).

AdnanSaban the Cudgeller (Gargoyle Fighter)         Turns: 2409, Time: 00:03:26

Health: 0/44       AC: 13    Str: 22    XL:     7   Next: 0%
Magic:  7/7        EV:  9    Int:  8    God:
Gold:   158        SH:  4    Dex:  9    Spells: 6/6 levels left

rFire   . . .        f - +2 mace (drain)
rCold   . . .        c - +0 buckler
rNeg    + . .        b - +0 scale mail
rPois   ∞            (no helmet)
rElec   +            (no cloak)
rCorr   .            o - +0 pair of gloves
SInv    .            (no boots)
Will    .....        (no amulet) Stlth
                     (no ring)
HPRegen 0.27/turn    (no ring)
MPRegen 0.10/turn

%: no passive effects
@: no status effects
A: sickness immunity, AC +4, negative energy resistance 1, electricity
resistance, torment resistance 1, petrification resistance
a: no special abilities


You were on level 4 of the Dungeon.
You visited 1 branch of the dungeon, and saw 4 of its levels.

You collected 158 gold pieces.

Inventory:

Hand Weapons
 f - a +2 mace of draining (weapon)
Armour
 b - a +0 scale mail (worn)
 c - a +0 buckler (worn)
 o - a +0 pair of gloves (worn)
Wands
 j - a wand of charming (11)
Scrolls
 h - a scroll of amnesia {unknown}
 i - 2 scrolls of teleportation {unknown}
 l - 2 scrolls of identify {unknown}
 m - a scroll of blinking {unknown}
 n - a scroll of fear {unknown}
 q - a scroll of fog {unknown}
Potions
 a - a potion of lignification {unknown}
 d - a potion of might
 e - 4 potions of brilliance {unknown}
 g - 2 potions of enlightenment {unknown}
 k - a potion of berserk rage {unknown}
 p - a potion of ambrosia {unknown}
 r - a potion of degeneration {unknown}


   Skills:
 + Level 4.4 Fighting
 + Level 5.3 Maces & Flails
 + Level 4.6 Armour
 + Level 4.4 Shields


You had 6 spell levels left.
You didn't know any spells.
Your spell library contained the following spells:

 Spells                   Type           Power      Damage    Failure   Level
 Apportation              Tloc           0%         N/A       80%         1
 Necrotise                Necr           0%         1d4       80%         1
 Summon Small Mammal      Summ           0%         N/A       80%         1


Dungeon Overview and Level Annotations

Branches:
Dungeon (4/15)
 Temple: D:4-7

Altars:

Annotations:
D:4 Edmund


Innate Abilities, Weirdness & Mutations

You are immune to sickness and miasma.
Your stone body is resilient. (AC +4)
You are immune to poison.
You resist negative energy. (rN+)
You are resistant to electric shocks. (rElec)
You are resistant to unholy torment.
You are immune to petrification.


Message History

Edmund hits you with a +2 flail of holy wrath!
You hit Edmund.
Edmund is lightly wounded.
The hound bites you but does no damage.
Edmund hits you with a +2 flail of holy wrath.
You block the hound's attack.
You hit Edmund. You drain Edmund.
Edmund is moderately wounded.
The hound bites you but does no damage.
Edmund hits you with a +2 flail of holy wrath!
The hound barely misses you.
You are too injured to fight recklessly!
You thump the hound! You drain the hound.
The hound is severely wounded.
The hound bites you but does no damage. Edmund barely misses you.
The hound closely misses you. You block Edmund's attack.
You barely miss the hound.
The hound is severely wounded.
You block the hound's attack. Edmund completely misses you.
The hound bites you but does no damage.
You hit the hound. You drain the hound.
You kill the hound!
Edmund hits you with a +2 flail of holy wrath!
* * * LOW HITPOINT WARNING * * *
You have reached level 7!
You hit Edmund. You drain Edmund.
Edmund is heavily wounded.
Edmund barely misses you.
You barely miss Edmund.
Edmund is heavily wounded.
Edmund closely misses you.
You barely miss Edmund.
Edmund is heavily wounded.
Edmund barely misses you.
You hit Edmund.
Edmund is heavily wounded.
Edmund hits you with a +2 flail of holy wrath!
* * * LOW HITPOINT WARNING * * *
Edmund hits you with a +2 flail of holy wrath.
You die...

.### #####
...###...##
#.........###
#...........###
#.............##
#....#####.....##
##.### ###....##
### ####..##
##@.# #######
##@.# ###.....##
#..# #........#
#..# ##.)####..#
...# ###))## #.<#
...# #..)## #..#
.$# ....# ##..#
#.. ...## ##..##


You could see Edmund (very drained).

Vanquished Creatures
  Sigmund (D:2)
  A sleepcap (D:4)
  An orc priest (D:3)
  2 hounds (D:4)
  Jessica (D:3)
  3 adders
  A worm (D:3)
  2 dart slugs
  10 orcs
  4 ball pythons
  3 endoplasms
  2 giant cockroaches (D:2)
  9 goblins
  3 hobgoblins
  17 jackals
  3 quokkas (D:3)
  5 bats
  3 frilled lizards
  4 kobolds
  5 rats (D:1)
80 creatures vanquished.

Notes
Turn   | Place    | Note
-------+----------+-------------------------------------------
     0 | D:1      | AdnanSaban the Gargoyle Fighter began the quest for the
                  | Orb.
     0 | D:1      | Reached XP level 1. HP: 14/14 MP: 1/1
   103 | D:1      | Reached XP level 2. HP: 19/19 MP: 2/2
   344 | D:1      | Reached XP level 3. HP: 23/23 MP: 3/3
   871 | D:2      | Noticed Sigmund
   961 | D:3      | Reached skill level 3 in Maces & Flails
   961 | D:3      | Reached XP level 4. HP: 16/29 MP: 4/4
  1067 | D:2      | Killed Sigmund
  1068 | D:2      | Reached skill level 4 in Maces & Flails
  1068 | D:2      | Reached XP level 5. HP: 18/33 MP: 5/5
  1068 | D:2      | Reached XP level 6. HP: 21/38 MP: 6/6
  1650 | D:3      | Noticed Jessica
  1657 | D:3      | Killed Jessica
  1822 | D:3      | Reached skill level 5 in Maces & Flails
  2396 | D:4      | Noticed Edmund
  2406 | D:4      | Reached XP level 7. HP: 13/44 MP: 7/7
  2409 | D:4      | Slain by Edmund

Illustrated notes

Levels and vault maps discovered:
D:1:      minmay_arrival_four_circles, layout_loops_ring
D:2:      layout_loops_ring, nicolae_kite_square_tiling_tiny, uniq_sigmund
D:3:      layout_loops_ring, uniq_jessica
D:4:      layout_layer_cave, uniq_edmund

Skill      XL: |  1  2  3  4  5  6 |
---------------+-------------------+-----
Maces & Flails | 3 4 5 |  5.3
Fighting       | 4 |  4.4
Armour         | 4 |  4.6
Shields        | 4 |  4.4

Action                     |  1- 3 |  4- 6 |  7- 9 || total
---------------------------+-------+-------+-------++-------
  Melee: Flail             |    84 |       |       ||    84
         Mace              |    31 |   128 |     4 ||   163
 Armour: Scale mail        |    81 |    81 |       ||   162
  Dodge: Dodged            |    69 |    80 |     3 ||   152
  Block: Buckler           |    31 |    31 |       ||    62

Table legend: (Time is in decaauts)
 A = Elapsed time spent in this place.
 B = Non-inter-level travel time spent in this place.
 C = Inter-level travel time spent in this place.
 D = Time resting spent in this place.
 E = Time spent auto-exploring this place.
 F = Levels seen in this place.
 G = Mean time per level.
                   A        B        C        D        E       F      G
               +--------+--------+--------+--------+--------+-----+--------+
         Total |   2471 |   2393 |     78 |     43 |   1770 |   4 |  617.8 |
       Dungeon |   2471 |   2393 |     78 |     43 |   1770 |   4 |  617.8 |
               +--------+--------+--------+--------+--------+-----+--------+

Top non-repeatable levels by time:
     D:3: 854 daAuts
     D:2: 686 daAuts
     D:1: 668 daAuts
     D:4: 261 daAuts
